[Event "*** Titled Tuesday Blitz"]
[Site "Chess.com"]
[Date "2020.04.21"]
[Round "1"]
[White "DanielRensch"]
[Black "gmelviro"]
[Result "0-1"]
[WhiteElo "2506"]
[BlackElo "2135"]
[TimeControl "180+1"]
[EndTime "10:06:50 PDT"]
[Termination "gmelviro won by checkmate"]

1. e4 e5 2. Nf3 Nc6 3. d4 exd4 4. Nxd4 Nf6 5. Nxc6 bxc6 6. Bd3 d5 7. e5 Ng4 8.
O-O Be7 9. Qe2 f6 10. exf6 Nxf6 11. Re1 Kf7 12. Nc3 Re8 13. Bg5 Bg4 14. Qd2 Qd7 15.
Qf4 h6 16. Rxe7+ Rxe7 17. Bxf6 gxf6 18. Qxh6 Rg8 19. Qf4 Re5 20. Na4 Qe7 21. Bf1 Bh3 22.
Qh6 Bxg2 23. f4 Bh3+ 24. Kf2 Re2+ 25. Bxe2 Rg2+ 26. Kf3 Qxe2# 0-1

[Event "*** Titled Tuesday Blitz"]
[Site "Chess.com"]
[Date "2020.04.21"]
[Round "1"]
[White "want2lose"]
[Black "MokshAD1603"]
[Result "1-0"]
[WhiteElo "2918"]
[BlackElo "2460"]
[TimeControl "180+1"]
[EndTime "10:06:51 PDT"]
[Termination "want2lose won on time"]

1. Nf3 Nf6 2. g3 g6 3. Bg2 Bg7 4. O-O O-O 5. c4 d5 6. cxd5 Nxd5 7. d4 Nb6 8. e4 Nc6 9. d5 Ne5 10. Nxe5 Bxe5 11. Nc3 c6 12. Bh6 Bg7 13. Bxg7 Kxg7 14. dxc6 bxc6 15. Qc2 Be6 16. Rac1 Rc8 17. Rfd1 Qc7 18. b3 Rfd8 19. Nd5 Qb7 20. Nf4 Bd7 21. Qc5 Be8 22. e5 e6 23. Rd6 Rxd6 24. exd6 Nd7 25.
Qg5 1-0

[Event "*** Titled Tuesday Blitz"]
[Site "Chess.com"]
[Date "2020.04.21"]
[Round "1"]
[White "harrisonchess21"]
[Black "2165149677570"]
[Result "0-1"]
[WhiteElo "2629"]
[BlackElo "2326"]
[TimeControl "180+1"]
[EndTime "10:06:51 PDT"]
[Termination "2165149677570 won by checkmate"]

1. Nf3 c5 2. g3 Nc6 3. Bg2 g6 4.
O-O Bg7 5. e4 e5 6. Nc3 Nge7 7.
d3 O-O 8. Bg5 h6 9. Be3 d6 10.
Qd2 Kh7 11. Kh1 Be6 12. Ne2 f5 13. Nh4 g5 14. exf5 Nxf5 15. Nxf5 Bxf5 16. f4 gxf4 17. gxf4 Nd4 18. Ng3 Qh4 19. Bxb7 Rab8 20. Nxf5 Nxf5 21.
Be4 Kh8 22. fxe5 Ng3+ 23. Kg1 Nxf1 24. Rxf1 Bxe5 25. Rf2 Rxf2 26. Bxf2 Qxh2+ 27. Kf1 Rf8 28. Ke1 Bg3 29. Qc3+ Be5 30. Qd2 Rxf2 31. Qe3 Qg1# 0-1

[Event "*** Titled Tuesday Blitz"]
[Site "Chess.com"]
[Date "2020.04.21"]
[Round "1"]
[White "andy_rekt"]
[Black "turayev_shahruh17"]
[Result "0-1"]
[WhiteElo "2225"]
[BlackElo "2583"]
[TimeControl "180+1"]
[EndTime "10:06:51 PDT"]
[Termination "turayev_shahruh17 won on time"]

1. d4 d5 2. c4 e6 3. Nc3 a6 4.
cxd5 exd5 5. Nf3 c6 6. e4 dxe4 7. Ng5 Bf5 8. Bc4 Bg6 9. Qb3 Qd7 10. O-O b5 11. Be2 Nf6 12. Re1 Bd6 13. h3 O-O 14.
Bf1 Re8 15. h4 h6 16. Nh3 Bf5 17. Nf4 Qc7 18. g3 Nbd7 19. Bg2 Nb6 20. Be3 Nc4 21. Rad1 Nxe3 22. fxe3 g5 23. hxg5 hxg5 24. Nfe2 Bxg3 25. Rf1 Be6 26. d5 Nxd5 27. Nxd5 Bxd5 28. Qc3 Be5 29. Qc2 Kg7 30. Nd4 Bh2+ 31. Kf2 Qg3+ 0-1

[Event "*** Titled Tuesday Blitz"]
[Site "Chess.com"]
[Date "2020.04.21"]
[Round "1"]
[White "nabukatnezarr"]
[Black "grandcoach"]
[Result "0-1"]
[WhiteElo "2477"]
[BlackElo "1952"]
[TimeControl "180+1"]
[EndTime "10:06:51 PDT"]
[Termination "grandcoach won on time"]

1. d4 Nf6 2. Bg5 Ne4 3. h4 c5 4. d5 Qb6 5. Nd2 Nxd2 6. Bxd2 Qxb2 7. Nf3 g6 8. Rb1 Qf6 9. e4 Bg7 10. e5 Qf5 11. Bd3 Qg4 12. Kf1 d6 13. h5 Bf5 14.
Bb5+ Bd7 15. Be2 Qa4 16. Rh4 Qa3 17. e6 fxe6 18. dxe6 Bc6 19. Bc1 Qxa2 20. Bd2 Na6 21. Bc4 Qa4 22. Kg1 Bxf3 23. gxf3 Nb4 24. Bxb4 cxb4 0-1

[Event "*** Titled Tuesday Blitz"]
[Site "Chess.com"]
[Date "2020.04.21"]
[Round "1"]
[White "aakankshachess"]
[Black "FairChess_on_YouTube"]
[Result "0-1"]
[WhiteElo "2474"]
[BlackElo "3043"]
[TimeControl "180+1"]
[EndTime "10:06:52 PDT"]
[Termination "FairChess_on_YouTube won on time"]

1. e4 c5 2. Nf3 Nc6 3. d4 cxd4 4. Nxd4 e6 5. Nb5 d6 6. c4 Nf6 7. N1c3 a6 8. Na3 b6 9. Bd3 Bb7 10. O-O g6 11. Be3 Bg7 12. f4 O-O 13. Nc2 Rb8 14.
Kh1 Ba8 15. Qe2 Nd7 16. Rad1 Nc5 17. Qf2 Qc7 18. Be2 Bxc3 19. bxc3 Nxe4 20. Qe1 Ne7 21. Bf3 f5 22. Nd4 Qxc4 23. Qh4 Rf7 24. Be2 Qxc3 25. Rd3 Qb2 26. Bf3 Qxa2 27. h3 Nd5 28. Bg1 Ndf6 29.
Rc1 b5 30. Qe1 b4 31. Rb3 Bd5 32. Rxb4 Rxb4 33. Qxb4 Rb7 0-1

[Event "*** Titled Tuesday Blitz"]
[Site "Chess.com"]
[Date "2020.04.21"]
[Round "1"]
[White "jaskol95"]
[Black "francyIM"]
[Result "0-1"]
[WhiteElo "2364"]
[BlackElo "2702"]
[TimeControl "180+1"]
[EndTime "10:06:52 PDT"]
[Termination "francyIM won by checkmate"]

1. d4 Nf6 2. Bf4 d6 3. Nc3 Bf5 4. f3 Bg6 5. e4 Nbd7 6. Bg5 e5 7. d5 Be7 8. Bd3 Nxd5 9. Bxe7 Nxe7 10. Nge2 O-O 11.
Qd2 Nc5 12. h4 f5 13. h5 Bf7 14. exf5 Nxd3+ 15. Qxd3 d5 16. g4 d4 17. Ne4 Nd5 18.
O-O-O Nb4 19. Qb5 Nxa2+ 20. Kb1 Bd5 21. h6 a6 22. Qa5 b6 23. Qd2 g6 24. fxg6 Rxf3 25.
gxh7+ Kh8 26. Ng5 Rf2 27. Rh5 Qe7 28. Qe1 Raf8 29. Ng3 R2f6 30. Rxd4 exd4 31. Qxe7 Rf1+ 32. Nxf1 Rxf1+ 33. Qe1 Rxe1# 0-1

[Event "*** Titled Tuesday Blitz"]
[Site "Chess.com"]
[Date "2020.04.21"]
[Round "1"]
[White "DucksParadise"]
[Black "thedjoker98"]
[Result "0-1"]
[WhiteElo "2058"]
[BlackElo "2509"]
[TimeControl "180+1"]
[EndTime "10:06:53 PDT"]
[Termination "thedjoker98 won by resignation"]

1. d4 d5 2. Nc3 Nf6 3. Bf4 c5 4. e4 Nxe4 5. Nxe4 dxe4 6. dxc5 Qa5+ 7. c3 Qxc5 8. Qa4+ Nc6 9. Qxe4 Bf5 10. Qe3 e6 11. Nf3 Qxe3+ 12. Bxe3 Be7 13. Bb5 O-O 14. O-O a6 15. Bxc6 bxc6 16. Nd4 Be4 17. f3 Bd5 18. b3 c5 19. Ne2 a5 20. c4 Bc6 21.
a4 Rab8 22. Rab1 Rfd8 23. Kf2 Rd3 24. Nc1 Rc3 25. Bd2 Rc2 26. Ke2 Rd8 27. Nd3 Bg5 28.
Rfd1 e5 29. Rb2 e4 30. fxe4 Bxe4 31. Rxc2 Bxd3+ 0-1

[Event "*** Titled Tuesday Blitz"]
[Site "Chess.com"]
[Date "2020.04.21"]
[Round "1"]
[White "floplover"]
[Black "DaggiGretarsson"]
[Result "0-1"]
[WhiteElo "2258"]
[BlackElo "2602"]
[TimeControl "180+1"]
[EndTime "10:06:55 PDT"]
[Termination "DaggiGretarsson won by resignation"]

1. d4 g6 2. c4 Bg7 3. Nf3 e6 4. Nc3 Ne7 5. e4 d5 6. cxd5 exd5 7. exd5 Nxd5 8. Bc4 Qe7+ 9. Qe2 Qxe2+ 10. Kxe2 Nb6 11. Bb5+ c6 12. Bd3 O-O 13. h3 Re8+ 14. Kd1 N8d7 15.
Kc2 Nf6 16. Bg5 Nfd5 17. a3 Be6 18. Rhe1 h6 19. Bd2 Nxc3 20. bxc3 Rac8 21. Ne5 c5 22. Be3 Nd5 23. Rab1 Nxe3+ 24. fxe3 Bxe5 25. dxe5 c4 26. Be4 b6 27. Rb5 Red8 28. Rd1 Bd7 29. Rb4 a5 30. Rxd7 axb4 31. Rxd8+ Rxd8 32. cxb4 Kf8 33. Kc3 b5 34. a4 bxa4 35. Kxc4 Rc8+ 36. Kd4 a3 37. Bb1 Rc1 38. Ba2 Rc2 39. Bb3 a2 0-1

[Event "*** Titled Tuesday Blitz"]
[Site "Chess.com"]
[Date "2020.04.21"]
[Round "1"]
[White "BronceYSueno"]
[Black "Squirlolz"]
[Result "0-1"]
[WhiteElo "2205"]
[BlackElo "2567"]
[TimeControl "180+1"]
[EndTime "10:06:56 PDT"]
[Termination "Squirlolz won by resignation"]

1. Nf3 c5 2. g3 g6 3. Bg2 Bg7 4.
O-O Nc6 5. c4 e6 6. Nc3 Nge7 7.
Rb1 O-O 8. a3 d5 9. cxd5 exd5 10. d3 a5 11. Bd2 b6 12. Qc1 d4 13. Nb5 Ba6 14. a4 Nd5 15. Re1 Re8 16. Bg5 Qd7 17.
Bh6 Ncb4 18. Qg5 Bf6 19. Qd2 Re7 20. Bg5 Rae8 21. Bxf6 Nxf6 22. h4 Bxb5 23. axb5 Qxb5 24.
Qg5 Nbd5 25. h5 Rxe2 26. Rxe2 Rxe2 27. Ne5 Qe8 28. f4 Rxg2+ 29. Kxg2 Nxh5 30. Rh1 f6 31. Qh6 fxe5 32. f5 Ne3+ 33. Kf2 Ng4+ 0-1

[Event "*** Titled Tuesday Blitz"]
[Site "Chess.com"]
[Date "2020.04.21"]
[Round "1"]
[White "ChessTraining77"]
[Black "politeplayer"]
[Result "1-0"]
[WhiteElo "2603"]
[BlackElo "2173"]
[TimeControl "180+1"]
[EndTime "10:06:56 PDT"]
[Termination "ChessTraining77 won by resignation"]

1. e4 e6 2. d3 d5 3. Qe2 Bd6 4. e5 Be7 5. Nf3 c5 6. h4 Nc6 7. g3 h6 8. Bg2 Qa5+ 9. c3 d4 10. O-O Bd7 11. cxd4 cxd4 12. Nbd2 Rc8 13. Nc4 Qa6 14.
Bf4 b5 15. Nd6+ Bxd6 16. exd6 Nf6 17. Ne5 Nxe5 18. Bxe5 Bc6 19. Rac1 Bxg2 20. Kxg2 Kd7 21. Qf3 Rhf8 22. Rc7+ Rxc7 23. dxc7 Qc6 24. Qxc6+ Kxc6 25. Rc1+ Kb7 26. Bxd4 Nd5 27. Bxg7 Rg8 28. Bxh6 Nxc7 29. Bf4 Nd5 30. Kf3 f6 31. h5 e5 32. Be3 Nb4 33.
Ke4 Nxa2 34. Ra1 Nb4 35. Rxa7+ Kb8 36. Rf7 Nc6 37. h6 Nd4 38. Bxd4 Rg4+ 39. Kf5 Rxd4 40. h7 Rxd3 1-0

[Event "*** Titled Tuesday Blitz"]
[Site "Chess.com"]
[Date "2020.04.21"]
[Round "1"]
[White "Izoria123"]
[Black "masteryoungK"]
[Result "1-0"]
[WhiteElo "2796"]
[BlackElo "2418"]
[TimeControl "180+1"]
[EndTime "10:06:57 PDT"]
[Termination "Izoria123 won by resignation"]

1. Nf3 c5 2. e4 d6 3. c3 Nf6 4. Be2 g6 5. O-O Bg7 6. Bb5+ Bd7 7. Bxd7+ Qxd7 8. Re1 Nc6 9. d4 cxd4 10. cxd4 d5 11. e5 Ne4 12. Nc3 Nxc3 13. bxc3 O-O 14. h4 Rac8 15. h5 Nd8 16. Qd3 Ne6 17. a4 Rc6 18. a5 Rfc8 19. Bd2 Rc4 20. Reb1 R8c7 21. hxg6 hxg6 22. g3 Kh7 23. Kg2 Kg8 24. Rb3 Ra4 25. Rxa4 Qxa4 26. Qb5 Qc4 27. Qxc4 dxc4 28. Rb5 Rd7 29.
Ne1 Nd8 30. f4 a6 31. Rc5 Nc6 32. Rxc4 Nxa5 33. Rc8+ Kh7 34. Nf3 Bh6 35. c4 Nb3 36. Bc3 e6 37. d5 b5 38. d6 bxc4 39. Rc7 Rd8 40. Rxf7+ Kg8 41. Rc7 a5 42. Rxc4 Ra8 43.
d7 Kf7 44. Rc8 Ke7 45. d8=Q+ 1-0

[Event "*** Titled Tuesday Blitz"]
[Site "Chess.com"]
[Date "2020.04.21"]
[Round "1"]
[White "JLRHei"]
[Black "johnathan113"]
[Result "0-1"]
[WhiteElo "2285"]
[BlackElo "2620"]
[TimeControl "180+1"]
[EndTime "10:06:57 PDT"]
[Termination "johnathan113 won by resignation"]

1. d4 g6 2. c4 Nf6 3. Nf3 Bg7 4. g3 c5 5. Bg2 cxd4 6. Nxd4 O-O 7. O-O Nc6 8. Nxc6 dxc6 9. Qxd8 Rxd8 10. Nc3 Be6 11. c5 Nd5 12. Ne4 Nb4 13. Bf4 Nxa2 14. Bc7 Rd7 15. Ba5 Bxb2 16. Rab1 Bg7 17. h4 Bc4 18. Bf3 h6 19. g4 f5 20. gxf5 gxf5 21. Ng3 e6 22. Nh5 Be5 23. Kh1 Kh7 24. Rg1 Rd4 25. Rxb7+ Kh8 26. Rg6 Rxh4+ 27. Kg1 Rg8 28. Rxg8+ Kxg8 29. Rxa7 Nc1 30. Ra8+ Kf7 31. e3 Ne2+ 32. Kf1 Ng3+ 33.
Kg2 Nxh5 34. Ra7+ Kg6 35. Bxc6 Nf6 36. Bd8 Rg4+ 37. Kf3 Bd5+ 38. Ke2 Bxc6 0-1

[Event "*** Titled Tuesday Blitz"]
[Site "Chess.com"]
[Date "2020.04.21"]
[Round "1"]
[White "LuckSlayeer"]
[Black "Chessdemon2019"]
[Result "0-1"]
[WhiteElo "2517"]
[BlackElo "2152"]
[TimeControl "180+1"]
[EndTime "10:06:57 PDT"]
[Termination "Chessdemon2019 won by resignation"]

1. e4 c5 2. Nf3 d6 3. d4 cxd4 4. Nxd4 Nf6 5. Nc3 g6 6. Be3 Bg7 7. f3 Nc6 8. Qd2 O-O 9. Bc4 Bd7 10. Bb3 Rc8 11. O-O-O Ne5 12. Kb1 Re8 13. h4 h5 14. g4 hxg4 15. h5 Nxh5 16. Rdg1 e6 17. Bh6 Qf6 18. fxg4 Bxh6 19. Qxh6 Qg7 20. Qd2 Nf6 21.
Qe2 Nfxg4 22. Rh4 Nf6 23. Rgh1 Nh5 24. Nf3 Nxf3 25. Qxf3 Rc5 26. Ne2 Bc6 27. Ng3 Nxg3 28. Qxg3 Rh5 29. Rxh5 gxh5 30. Qf2 Bxe4 31. Rg1 Bg6 32.
Ka1 b6 33. c3 Rc8 34. Bc2 Kh7 35. Qh4 Rc5 36. Qh2 Qe5 37. Qxe5 Rxe5 38. Bxg6+ fxg6 39. Rf1 Kh6 40. a4 h4 41. b4 h3 42. Rh1 Rh5 43.
b5 g5 44. Kb2 h2 45. Kb3 g4 46. Kb4 g3 47. a5 g2 48. axb6 gxh1=Q 0-1

[Event "*** Titled Tuesday Blitz"]
[Site "Chess.com"]
[Date "2020.04.21"]
[Round "1"]
[White "mortngabriel"]
[Black "OparinGrigoriy"]
[Result "0-1"]
[WhiteElo "2457"]
[BlackElo "2901"]
[TimeControl "180+1"]
[EndTime "10:06:58 PDT"]
[Termination "OparinGrigoriy won by resignation"]

1. d4 Nf6 2. c4 e6 3. Nf3 Bb4+ 4. Bd2 a5 5. g3 O-O 6. Bg2 d5 7. cxd5 exd5 8. O-O c6 9. Nc3 Re8 10. a3 Bd6 11.
Bf4 Bf5 12. Ne5 Qe7 13. f3 Nbd7 14. e4 dxe4 15. fxe4 Be6 16. Nxd7 Nxd7 17. Bxd6 Qxd6 18. e5 Qe7 19. Ne4 Red8 20. Nd6 Nb6 21. Rc1 Nc8 22.
Nf5 Bxf5 23. Rxf5 Nb6 24. Qb3 Nd5 25. Rcf1 a4 26. Qf3 Rf8 27. Qd3 Rad8 28. h4 Nc7 29. Qc4 Ne6 30. d5 cxd5 31. Bxd5 Rde8 32. Kh2 h6 33. h5 Ng5 34. R1f2 Rd8 35. Rd2 Kh8 36. Rdf2 Kg8 37. Bg2 Qd7 38. R5f4 b5 39. Qb4 Ne6 40. Rf5 Qd3 41. Qg4 Rd4 42. Qf3 Qxf3 43. Bxf3 Ng5 44.
Bg2 b4 45. R5f4 Rfd8 46. axb4 Ne6 47. Rxd4 Rxd4 48. Re2 Rxb4 49. Rd2 Kf8 50. Bd5 Ng5 51.
Bg2 Ke7 52. Rc2 Ke6 53. Rc7 Kxe5 54. Rc6 Rxb2 55. Rc5+ Kd6 56. Ra5 Ra2 57. Ra6+ Kc5 58. Ra7 a3 59. Kg1 Ra1+ 60. Bf1 Nf3+ 61. Kf2 Ne5 62. Be2 Kb6 63. Ra8 a2 64. Ke3 Nc6 65.
Ra3 Nb4 66. Rb3 Rb1 0-1

[Event "*** Titled Tuesday Blitz"]
[Site "Chess.com"]
[Date "2020.04.21"]
[Round "1"]
[White "SlavenPastar"]
[Black "Gareth-Bale11"]
[Result "1-0"]
[WhiteElo "2414"]
[BlackElo "2749"]
[TimeControl "180+1"]
[EndTime "10:06:58 PDT"]
[Termination "SlavenPastar won by checkmate"]

1. d4 Nf6 2. c4 e6 3. Nc3 Bb4 4.
e3 O-O 5. Bd3 d5 6. cxd5 exd5 7.
Ne2 Re8 8. Bd2 Nbd7 9. Rc1 c6 10. O-O Nf8 11. f3 Bd6 12. Qe1 Ng6 13. Qf2 a6 14. Kh1 Qe7 15. Rg1 c5 16. g4 Be6 17. Rg2 Nd7 18. f4 Nh4 19. Rg3 f6 20. Rh3 g5 21.
Rxh4 gxh4 22. Qxh4 Qg7 23. Rg1 cxd4 24. exd4 Kh8 25.
f5 Bg8 26. g5 fxg5 27. Bxg5 Be7 28. Bxe7 Qxe7 29. Qg3 Bf7 30. Qg7# 1-0

[Event "*** Titled Tuesday Blitz"]
[Site "Chess.com"]
[Date "2020.04.21"]
[Round "1"]
[White "Eliwood44"]
[Black "Koksik_13"]
[Result "0-1"]
[WhiteElo "2308"]
[BlackElo "2643"]
[TimeControl "180+1"]
[EndTime "10:06:58 PDT"]
[Termination "Koksik_13 won by resignation"]

1. d4 e6 2. Nf3 d5 3. g3 Nf6 4.
Bg2 Be7 5. c4 O-O 6. O-O dxc4 7.
Qc2 a6 8. a4 Bd7 9. Qxc4 Bc6 10.
Bg5 Bd5 11. Qc2 Be4 12. Qd2 Nc6 13. Rd1 h6 14. Bxf6 Bxf6 15. e3 Qe7 16. Nc3 Bh7 17. Rac1 Rad8 18. Qe2 e5 19. dxe5 Nxe5 20. Nxe5 Bxe5 21.
Bxb7 a5 22. Bg2 Rb8 23. Nb5 Qb4 24. Nxc7 Qxa4 25. Ra1 Qb3 26. Nd5 a4 27. Nc3 Rb4 28. Bd5 Qxb2 29. Qxb2 Rxb2 30. Nxa4 Rc2 31. Rac1 Rb8 32.
Rf1 Bd3 33. Rfd1 Bg6 34. Re1 Rb4 35. Nc5 Rb5 36. Bxf7+ Bxf7 37. Ne4 Rbb2 38. Rxc2 Rxc2 39. Kg2 Bd5 40. Kf3 Rc4 0-1

[Event "*** Titled Tuesday Blitz"]
[Site "Chess.com"]
[Date "2020.04.21"]
[Round "1"]
[White "lestri"]
[Black "hongnhung1234"]
[Result "1-0"]
[WhiteElo "2535"]
[BlackElo "2142"]
[TimeControl "180+1"]
[EndTime "10:06:58 PDT"]
[Termination "lestri won by resignation"]

1. c4 f5 2. Nf3 Nf6 3. g3 g6 4. Bg2 Bg7 5. O-O O-O 6. Nc3 d6 7. d4 Qe8 8. Qb3 Kh8 9. Re1 c6 10. Qa3 Ne4 11. Nxe4 fxe4 12. Ng5 Bxd4 13. Nxe4 Bf5 14.
Be3 Bxe3 15. Qxe3 Bxe4 16. Qxe4 Nd7 17. f4 e5 18. e3 exf4 19. exf4 Qxe4 20. Rxe4 Rae8 21.
Rae1 Rxe4 22. Rxe4 Rf7 23. Re6 Nb6 24. b3 Rd7 25.
Kf2 Kg7 26. Ke3 Kf7 27. Bh3 d5 28. c5 d4+ 29. Kd3 Nd5 30. Rxc6 Nb4+ 31. Kc4 Re7 32. Rd6 Nc6 33. Bg2 Re2 34. Bxc6 bxc6 35. Rxc6 Rxa2 36.
Kxd4 Rxh2 37. Ra6 Rd2+ 38. Kc4 Rd7 39. c6 Rc7 40. Kd5 Ke7 41. b4 h6 42. b5 g5 43.
fxg5 hxg5 44. g4 Kf6 45. Kd6 Re7 46. c7 Re6+ 47. Kd7 Rxa6 48. bxa6 1-0

[Event "*** Titled Tuesday Blitz"]
[Site "Chess.com"]
[Date "2020.04.21"]
[Round "1"]
[White "Ave_Mariia"]
[Black "theblitzchamp"]
[Result "0-1"]
[WhiteElo "2306"]
[BlackElo "2636"]
[TimeControl "180+1"]
[EndTime "10:06:59 PDT"]
[Termination "theblitzchamp won by checkmate"]

1. d4 Nf6 2. c4 e6 3. g3 d5 4.
Nf3 b6 5. Bg2 Bb7 6. cxd5 exd5 7. O-O Be7 8. Nc3 O-O 9. Bf4 Nc6 10. Rc1 Ne4 11. Ne5 Nxe5 12. Bxe5 c5 13. f3 Nxc3 14. bxc3 Rc8 15. e4 dxe4 16. fxe4 f6 17. Bf4 cxd4 18. Qb3+ Kh8 19. Rfd1 d3 20. c4 Qd4+ 21. Kh1 Bxe4 22. Rd2 Rfd8 23. Rcd1 g5 24. Re1 Bxg2+ 25. Kxg2 Bc5 26.
Be3 Qe4+ 27. Kf1 Bxe3 28. Rxe3 Qxe3 29. Qc3 Qf3+ 30. Rf2 Qh1# 0-1

[Event "*** Titled Tuesday Blitz"]
[Site "Chess.com"]
[Date "2020.04.21"]
[Round "1"]
[White "Stewie_89"]
[Black "agrigo3"]
[Result "1-0"]
[WhiteElo "2632"]
[BlackElo "2306"]
[TimeControl "180+1"]
[EndTime "10:06:59 PDT"]
[Termination "Stewie_89 won on time"]

1. e4 d6 2. d4 Nf6 3. Nc3 g6 4. g3 Bg7 5. Bg2 O-O 6. Nge2 c6 7. O-O e5 8. h3 Be6 9. Be3 a5 10. f4 Nbd7 11. Qd2 Bc4 12. Rf2 Qc7 13. b3 Ba6 14.
fxe5 dxe5 15. Bh6 exd4 16. Bxg7 Kxg7 17. Qxd4 Qe5 18. Rd1 Qxd4 19. Nxd4 Ne5 20. Rfd2 h5 21. Nf3 Rfe8 22. Nd4 Re7 23. Na4 Nfd7 24. c4 Rae8 25. Nc3 Nc5 26. Nf3 Nxf3+ 27. Bxf3 Re5 28. Kf2 R5e7 29.
Rd6 Re6 30. Rd8 Kf8 31. Rxe8+ Kxe8 32. Ke3 Re7 33. g4 hxg4 34. hxg4 g5 35. Rh1 f6 36. Rh6 1-0

[Event "*** Titled Tuesday Blitz"]
[Site "Chess.com"]
[Date "2020.04.21"]
[Round "1"]
[White "realmadridtv"]
[Black "Mikhail_Biryukov"]
[Result "0-1"]
[WhiteElo "2307"]
[BlackElo "2649"]
[TimeControl "180+1"]
[EndTime "10:07:00 PDT"]
[Termination "Mikhail_Biryukov won by resignation"]

1. d4 Nf6 2. c4 g6 3. g3 c6 4.
Bg2 d5 5. Nf3 Bg7 6. Qa4 O-O 7.
O-O dxc4 8. Qxc4 b5 9. Qc2 Bb7 10. e4 a5 11. Bf4 Na6 12. a3 c5 13. d5 c4 14. Nc3 Nc5 15. Rad1 b4 16. Nb5 Ba6 17. Nfd4 Qb6 18. Nc7 Rac8 19. Nxa6 Qxa6 20. e5 Nfd7 21. Nc6 Rfe8 22. axb4 axb4 23. Nxb4 Qb5 24.
Nc6 Nd3 25. Nxe7+ Rxe7 26. Rxd3 Nxe5 27. Re3 f6 28. d6 Rd7 29. Bxe5 fxe5 30. Bh3 Rcd8 31.
Bxd7 Rxd7 32. Rd1 Bf6 33. Re4 Kg7 34. Rxc4 Bd8 35. Rc5 Qb4 36. Rc4 Qb6 37. Qd3 Qxb2 38. Qd5 Bb6 39. Qf3 Rf7 40. Qxf7+ Kxf7 41. d7 Qb3 42. Rcc1 Bd8 43. Rc8 Qxd1+ 44. Kg2 Qxd7 0-1

[Event "*** Titled Tuesday Blitz"]
[Site "Chess.com"]
[Date "2020.04.21"]
[Round "1"]
[White "GMMatamoros"]
[Black "eldidi20"]
[Result "1-0"]
[WhiteElo "2527"]
[BlackElo "2126"]
[TimeControl "180+1"]
[EndTime "10:07:00 PDT"]
[Termination "GMMatamoros won by resignation"]

1. Nf3 Nf6 2. c4 g6 3. g3 Bg7 4.
Bg2 O-O 5. O-O d6 6. d4 Nc6 7.
Nc3 a6 8. d5 Na5 9. b3 c5 10.
dxc6 Nxc6 11. Bb2 Bf5 12. Qc1 Rc8 13. Rd1 Qa5 14. Nd5 Nxd5 15. Bxg7 Kxg7 16. Rxd5 Qc7 17. h4 Be6 18. Rd1 h5 19. Ng5 Bg4 20. Ne4 b5 21. Qb2+ Kg8 22. Rxd6 f6 23. cxb5 exd6 24. bxc6 Qe7 25. Nc3 Be6 26. Rd1 Rfe8 27. e3 Kg7 28.
Rd4 Rc7 29. b4 Rb8 30. a4 d5 31. Bxd5 Qf7 32. Qd2 Rd8 33. Bxe6 Rxd4 34. Qxd4 Qxe6 35. b5 axb5 36. axb5 Rc8 37. Nd5 Kf7 38. c7 Qd6 39. b6 Qc6 40. Qxf6+ Qxf6 41. Nxf6 Kxf6 42. b7 1-0

[Event "*** Titled Tuesday Blitz"]
[Site "Chess.com"]
[Date "2020.04.21"]
[Round "1"]
[White "PawnEatingZombie"]
[Black "m_ezat"]
[Result "0-1"]
[WhiteElo "2123"]
[BlackElo "2524"]
[TimeControl "180+1"]
[EndTime "10:07:00 PDT"]
[Termination "m_ezat won on time"]

1. d4 Nf6 2. c4 g6 3. Nc3 Bg7 4. e4 d6 5. Be2 O-O 6. Be3 e5 7. d5 a5 8. g4 Na6 9. h4 Nc5 10. f3 h5 11. g5 Nfd7 12. Nh3 a4 13. Qd2 Qe7 14. O-O-O Na6 15. Kb1 Ndc5 16. Nf2 a3 17. b3 Bd7 18. Nd3 b6 19. Nb5 Rfc8 20. Nb4 Nxb4 21.
Qxb4 Ra5 22. Qd2 Raa8 23. Nc3 Rcb8 24. Rc1 Bf8 25. Bf1 Bg7 26. Bh3 Rf8 27. Bxd7 Qxd7 28. Qc2 Kh7 29. Rcg1 Na6 30. Nb5 Nc5 31. Bc1 f5 32.
gxf6 Rxf6 33. Rg3 Qf7 34. Qe2 Rf8 35. Rf1 Bh6 36. Bxa3 Rf4 37. Bc1 Nxe4 0-1

[Event "*** Titled Tuesday Blitz"]
[Site "Chess.com"]
[Date "2020.04.21"]
[Round "1"]
[White "Poghosyan_Suren"]
[Black "mamonika"]
[Result "0-1"]
[WhiteElo "2479"]
[BlackElo "1979"]
[TimeControl "180+1"]
[EndTime "10:07:00 PDT"]
[Termination "mamonika won by checkmate"]

1. e4 c5 2. Nf3 e6 3. d3 Nc6 4.
Nbd2 d5 5. g3 Nf6 6. Bg2 Be7 7.
O-O O-O 8. Re1 Qc7 9. Nf1 dxe4 10. dxe4 Rd8 11. Bd2 a6 12. c3 b5 13. e5 Nd5 14.
Qc2 Bb7 15. Bg5 h6 16. Bxe7 Ndxe7 17. Ne3 Ng6 18. Nf1 Ncxe5 19. Nxe5 Bxg2 20. Nxg6 Bxf1 21. Nf4 Bc4 22. Re3 Rd7 23. b3 Bd5 24. Rae1 Rad8 25.
Qe2 Bb7 26. Qg4 Qc6 27. f3 e5 28. Nh5 f6 29. Qg6 Rd1 30. Rxd1 Rxd1+ 31. Kg2 Rd2+ 32.
Kg1 Rd7 33. Re4 Qd6 34. Rg4 Qd1+ 35. Kg2 Qxf3+ 36. Kh3 Qg2+ 37. Kh4 Qxh2# 0-1

[Event "*** Titled Tuesday Blitz"]
[Site "Chess.com"]
[Date "2020.04.21"]
[Round "1"]
[White "fridaywins"]
[Black "fancyknightmaneuvers"]
[Result "0-1"]
[WhiteElo "2259"]
[BlackElo "2605"]
[TimeControl "180+1"]
[EndTime "10:07:01 PDT"]
[Termination "fancyknightmaneuvers won by resignation"]

1. e4 c5 2. Nf3 e6 3. c3 Nf6 4.
e5 Nd5 5. d4 cxd4 6. cxd4 Nc6 7.
Be2 d6 8. O-O Be7 9. exd6 Qxd6 10. Nc3 O-O 11. a3 Nxc3 12. bxc3 Bf6 13. Bg5 Bxg5 14.
Nxg5 b6 15. Ne4 Qd7 16. Bd3 h6 17. Qe2 Bb7 18. Rfd1 Rac8 19. Rac1 Na5 20. Bb5 Qe7 21. Ng3 Qxa3 22. c4 a6 23. Ra1 Qe7 24. Ba4 Nxc4 25. Bc2 Nd6 26. d5 Bxd5 27. Rxd5 Rxc2 28. Qxc2 exd5 29.
Rxa6 Rc8 30. Qd2 Qb7 31. Ra1 Ne4 32. Qd4 Nxg3 33. hxg3 Qc6 34. Ra7 b5 35. Kh2 Qc5 36. Qa1 d4 37. Rd7 Qh5+ 38. Kg1 Qg5 39. f4 Qxg3 40.
Rxd4 Rc2 41. Qa8+ Kh7 42. Qe4+ Qg6 43. Qxc2 Qxc2 44. Rd5 b4 45. Rb5 b3 0-1

[Event "*** Titled Tuesday Blitz"]
[Site "Chess.com"]
[Date "2020.04.21"]
[Round "1"]
[White "TigrVShlyape"]
[Black "ChristianAlm"]
[Result "1-0"]
[WhiteElo "2867"]
[BlackElo "2449"]
[TimeControl "180+1"]
[EndTime "10:07:02 PDT"]
[Termination "TigrVShlyape won by resignation"]

1. d4 Nf6 2. Nf3 d5 3. Bf4 g6 4. e3 Bg7 5. h3 O-O 6. c3 Bf5 7. Nbd2 Nbd7 8. Be2 c5 9. O-O Rc8 10. Qb3 Qb6 11. a4 c4 12. Qa2 Qa5 13. Rfc1 Ne4 14. Nxe4 Bxe4 15. Nd2 Bf5 16. b3 cxb3 17. Qxb3 Nb6 18. Qb5 Qxb5 19. axb5 Ra8 20. Ra3 Rfc8 21. Rca1 h6 22. g4 Be6 23. Rxa7 Rxa7 24. Rxa7 Rxc3 25.
Rxb7 Nc4 26. Nxc4 dxc4 27. Bf3 Rc1+ 28. Kg2 c3 29. Rc7 g5 30. Bg3 Rb1 31. d5 Bd7 32. Rxd7 c2 33. Rd8+ Kh7 34. Be4+ 1-0

[Event "*** Titled Tuesday Blitz"]
[Site "Chess.com"]
[Date "2020.04.21"]
[Round "1"]
[White "claudyna16"]
[Black "WiktoriaPOL"]
[Result "1-0"]
[WhiteElo "2512"]
[BlackElo "2067"]
[TimeControl "180+1"]
[EndTime "10:07:02 PDT"]
[Termination "claudyna16 won by checkmate"]

1. c4 Nf6 2. g3 g6 3. Bg2 Bg7 4. Nc3 O-O 5. e3 d6 6. Nge2 e5 7. O-O Ne8 8. d3 f5 9. Rb1 a5 10. a3 Nf6 11. h3 g5 12. f4 gxf4 13. exf4 Kh8 14. fxe5 dxe5 15. Bg5 Nc6 16. Qd2 Be6 17.
Nd5 Bxd5 18. Bxd5 Qd7 19. Bg2 b6 20. Nc3 Rad8 21. Rbd1 Nd4 22. Qf2 h6 23. Be3 Nh5 24. Nd5 b5 25. Bxd4 exd4 26. Bf3 Nf6 27. Nf4 Kh7 28.
Rfe1 bxc4 29. Ne6 Rfe8 30. Nxd8 Rxe1+ 31. Rxe1 Qxd8 32. dxc4 c5 33. Bd5 Nxd5 34. Qxf5+ Kh8 35. cxd5 c4 36. Qf7 Qg5 37. Re8+ Kh7 38. Qg8+ Kg6 39. Re6+ Kh5 40. Qf7+ Qg6 41. Qxg6# 1-0